 BcadrenCrawl: Boulder Brew version 0.03.3.1 (webtiles) character file.

Game seed: 1256530156009966961, levelgen mode: deterministic

7718 Chiseanne the Cleaver (level 11, -24/95 HPs) Minotaur Demonspawn. Began on Mar 12, 2021. Was an Elder of Okawaru. Killed by refrigeration ... invoked by Fannar (27 damage) ... on level 5 of the Dungeon. The game lasted 00:14:37 (4406 turns).

Chiseanne the Cleaver (Minotaur Demonspawn)         Turns: 4406, Time: 00:14:38

Health: -24/95     AC: 14    Str: 29    XL:     11 ^: 10821
Magic:  14/14      EV: 12    Int:  9    God:    Okawaru [4* [100]]
Gold:   192        SH: 10    Dex: 13    Spells: 11/12 levels left

rFire    . . .     Vision   .   a - +7 broad axe (freeze) {god gift}
rCold    . . .     Gourm    .   m - +1 heater shield
rNeg     . . .     Faith    .   u - +0 chain mail
rPois    .         Spirit   .   (helmet restricted)
rElec    .         Reflect  .   k - +2 cloak
rCorr    .         Harm     .   (no gloves)
MR       .....                  (no boots)
Stlth    ++........             (no amulet)
HPRegen  0.41/turn              g - ring of strength
MPRegen  0.24/turn              n - ring of strength

@: slowed, very slow
A: retaliatory headbutt, hooves 2, horns 2, icy blue scales 1, demonic guardian
1, nightstalker 2
a: Heroism, Renounce Religion


You were on level 5 of the Dungeon.
You worshipped Okawaru.
Okawaru was greatly pleased with you.
You were not hungry.

You visited 2 branches of the dungeon, and saw 6 of its levels.

You collected 192 gold pieces.

Inventory:

Weapons
 a - a +7 broad axe of freezing (weapon) {god gift}
 y - a +1 flail Shields
 m - a +1 heater shield (shield)
Armour
 k - a +2 cloak (worn)
 u - a +0 chain mail (worn)
Jewellery
 f - an uncursed ring of poison resistance
 g - a ring of strength (left hand)
 n - a ring of strength (right hand)
 s - an uncursed ring of ice
Wands
 q - a wand of flame
 w - a wand of enslavement (9)
 x - a wand of ensnaring (1)
Scrolls
 h - a scroll of blinking
 i - 3 scrolls of teleportation
 j - a scroll of summoning
 l - a scroll of fog
 p - 2 scrolls of amnesia
 t - a scroll of immolation
Potions
 b - 2 potions of brilliance
 e - 2 potions of haste
 r - 2 potions of curing
 z - a potion of might
 A - a potion of ambrosia
Miscellaneous
 v - a fan of gales (inert)
Comestibles
 d - 6 rations
 o - 10 chunks of flesh


   Skills:
 * Level 8.5 Fighting
 * Level 8.9 Axes & Hammers
 * Level 4.7 Armour
 - Level 7.2 Dodging
 - Level 5.4 Stealth
 * Level 7.7 Shields
 - Level 1.0 Spellcasting
 - Level 1.3 Fire Magic
 * Level 6.3 Invocations


You had 11 spell levels left.
You knew the following spells:

 Your Spells              Type           Power        Failure   Level  Hunger
a - Flame Tongue          Fire           2 (30)       77%         1    ##.....

Your spell library contained the following spells:

 Spells                   Type           Power        Failure   Level  Hunger
 Summon Small Mammal      Summ           0 (25)       91%         1    ##.....
 Blink                    Tloc           N/A          97%         2    ###....
 Call Imp                 Summ           0 (100)      97%         2    ###....
 Slow                     Hex            0 (100)      97%         2    ###....
 Conjure Flame            Fire           2 (100)      98%         3    ####...
 Call Canine Familiar     Summ           0 (100)      99%         3    ####...
 Mephitic Cloud           Pois/Air       0 (100)      99%         3    ####...
 Summon Ice Beast         Ice/Summ       0 (100)      100%        4    #####..
 Summon Lightning Spire   Summ/Air       0 (100)      100%        5    ######.


Dungeon Overview and Level Annotations

Branches:
Dungeon (5/8)              Temple (1/1) D:4
   Lair: D:5

Altars:
Cheibriados
Dithmenos
Elyvilon
Gozag Ym Sagoz
Hepliaklqana
Kikubaaqudgha
Makhleb
Nemelex Xobeh
Okawaru
Qazlal
Ru
Sif Muna
Uskayaw
Vehumet
Wu Jian
Yredelemnul
The Shining One

Annotations:
D:4 3 runed translucent doors, MisterOstroum's ghost, novice DrDs
D:5 Fannar


Innate Abilities, Weirdness & Mutations

You reflexively headbutt those who attack you in melee.
You have hoof-like feet.
You have a pair of horns on your head.
You are partially covered in icy blue scales. (AC +2)
A weak demonic guardian rushes to your aid.
You are significantly more attuned to the shadows.


Message History

The ice beast freezes your ufetubus (3).
Your ufetubus resists.
Your ufetubus dies!
You block the ice beast's attack. The ice beast blocks your attack.
You feel less vulnerable to cold.
Your shadow imp hits the ice beast (2).
Fannar casts a spell.
Fannar drains the heat from the surrounding environment!
You feel very cold.
* * * LOW HITPOINT WARNING * * *
You feel as though you will be slow longer.
Your shadow imp and Fannar are frozen.
Your shadow imp resists.
Fannar resists.
Your shadow imp hits the ice beast but does no damage.
Fannar mumbles some strange words.
Fannar drains the heat from the surrounding environment!
You feel very cold.
You die...

######### #.]†[...#
#### #†.†....#
...###########.†.....#
##...........'...Y...#
#############..@5...#
#.......# #####'###
#.e.e# #.#### #


You could see Fannar, an ice beast and a friendly shadow imp (invisible).

Vanquished Creatures
  Josephine (D:5)
  Joseph (D:5)
  Prince Ribbit (D:3)
  5 wraiths (D:5)
  Sigmund (D:3)
  8 yaks (D:5)
  2 water moccasins (D:2)
  A phantom (D:5)
  A necrophage (D:5)
  Duvessa (D:3)
  2 orc warriors
  3 porcupines
  2 scorpions
  2 sky beasts
  3 ogres
  4 big kobolds (D:2)
  5 bullfrogs
  Dowan (D:3)
  A gnoll sergeant (D:4)
  A howler monkey (D:3)
  A hornet zombie (D:4)
  4 wights (D:5)
  A crimson imp (D:4)
  2 hounds
  3 orc priests (D:3)
  8 jellies (D:2)
  4 orc wizards
  3 iguanas
  A wyvern zombie (D:4)
  7 worker ants
  10 giant cockroaches
  An iron imp (D:4)
  A bullfrog zombie (D:4)
  2 bullfrog skeletons (D:4)
  A shadow imp (D:3)
  3 adders
  5 gnolls (D:4)
  57 sewer rats (D:2)
  17 cinder newts
  4 worms (D:2)
  8 oozes
  2 dart slugs (D:1)
  11 leopard geckos
  19 orcs
  4 adder skeletons
  8 bats
  2 cinder newt skeletons (D:2)
  5 goblins (D:1)
  2 hobgoblins (D:1)
  3 jackals (D:4)
  30 kobolds
  2 ball pythons (D:2)
  A bat skeleton (D:2)
  10 rats
  9 withered plants (D:2)
297 creatures vanquished.

Vanquished Creatures (collateral kills)
  An orc (D:5)
1 creature vanquished.

Vanquished Creatures (others)
  A big kobold (D:2)
  A jelly (D:2)
  A giant cockroach (D:2)
  A leopard gecko (D:2)
  A ball python (D:2)
  2 bat skeletons (D:2)
  A goblin skeleton (D:2)
  3 kobolds (D:2)
  An orc skeleton (D:2)
  2 slimeheads (D:2)
  162 withered plants (D:2)
176 creatures vanquished.

Grand Total: 474 creatures vanquished

Notes
Turn   | Place    | Note
-------+----------+-------------------------------------------
     0 | D:1      | Chiseanne the Minotaur Demonspawn began the quest for the
                  | Orb.
     0 | D:1      | Reached XP level 1. HP: 16/16 MP: 1/1
    64 | D:1      | Gained mutation: You are slightly more attuned to the
                  | shadows. [demonic ancestry]
    64 | D:1      | Reached XP level 2. HP: 23/23 MP: 3/3
    67 | D:1      | Reached skill level 1 in Armour
   121 | D:1      | Reached XP level 3. HP: 29/29 MP: 4/4
   391 | D:1      | Gained mutation: You are partially covered in icy blue
                  | scales. (AC +2) [demonic ancestry]
   391 | D:1      | Reached XP level 4. HP: 37/37 MP: 5/5
   689 | D:2      | Gained mutation: You have large cloven feet. [demonic
                  | ancestry]
   689 | D:2      | Reached XP level 5. HP: 42/42 MP: 6/6
   921 | D:2      | Reached XP level 6. HP: 51/51 MP: 7/7
  1032 | D:2      | Reached skill level 1 in Shields
  1090 | D:2      | Reached XP level 7. HP: 57/58 MP: 8/8
  1179 | D:2      | Reached skill level 5 in Dodging
  1197 | D:2      | Reached skill level 5 in Axes & Hammers
  1304 | D:2      | Reached XP level 8. HP: 67/67 MP: 9/9
  1323 | D:2      | Reached skill level 5 in Fighting
  2269 | D:3      | Noticed Duvessa
  2269 | D:3      | Noticed Dowan
  2276 | D:3      | Killed Duvessa
  2278 | D:3      | Killed Dowan
  2389 | D:3      | Gained mutation: You have hoof-like feet. [demonic
                  | ancestry]
  2389 | D:3      | Reached XP level 9. HP: 75/75 MP: 10/10
  2703 | D:3      | Reached skill level 5 in Shields
  2786 | D:3      | Noticed Prince Ribbit
  2795 | D:3      | Killed Prince Ribbit
  2822 | D:3      | Noticed Sigmund
  2833 | D:3      | Killed Sigmund
  2833 | D:3      | Reached skill level 5 in Stealth
  3234 | D:4      | Found a staircase to the Ecumenical Temple.
  3247 | Temple   | Entered the Ecumenical Temple
  3275 | Temple   | Became a worshipper of Warmaster Okawaru
  3644 | D:4      | Received a gift from Okawaru
  3729 | D:4      | Reached * piety under Okawaru
  3732 | D:4      | Found a runed translucent gate.
  3733 | D:4      | Found a runed translucent gate.
  3734 | D:4      | Found a runed translucent gate.
  3736 | D:4      | Noticed MisterOstroum's ghost (novice DrDs)
  4060 | D:5      | Entered Level 5 of the Dungeon
  4093 | D:5      | Gained mutation: A weak demonic guardian rushes to your
                  | aid. [demonic ancestry]
  4093 | D:5      | Reached XP level 10. HP: 86/86 MP: 11/11
  4219 | D:5      | Noticed Joseph
  4225 | D:5      | Killed Joseph
  4287 | D:5      | Identified the cursed ring of Veasaud {MP+9 Dex+4, (Curse:
                  | *Tele Fragile)}
  4300 | D:5      | Reached ** piety under Okawaru
  4376 | D:5      | Noticed Josephine
  4377 | D:5      | Noticed Fannar
  4381 | D:5      | Reached skill level 5 in Invocations
  4385 | D:5      | Received a gift from Okawaru
  4387 | D:5      | Reached *** piety under Okawaru
  4396 | D:5      | Killed Josephine
  4396 | D:5      | Reached **** piety under Okawaru
  4396 | D:5      | Gained mutation: You are significantly more attuned to the
                  | shadows. [demonic ancestry]
  4396 | D:5      | Reached XP level 11. HP: 67/95 MP: 14/14
  4401 | D:5      | HP: 3/95 [Fannar/+0 flayed staff of cold (12)]
  4406 | D:5      | HP: 3/95 [Fannar/refrigeration (18)]
  4406 | D:5      | Killed from afar by Fannar

Levels and vault maps discovered:
D:1:      dpeg_arrival_subterranean_lakeside_camping, layout_basic
D:2:      layout_sewer, first_ration, serial_corexii_hall
D:3:      layout_gridville, uniq_prince_ribbit1, uniq_sigmund, uniq_duvessa
D:4:      layout_cave_pods, minmay_temple_entry_overgrown,
          gammafunk_ghost_nasty_kobolds
D:5:      layout_roguey, lair_entry_dummy, uniq_urug, uniq_josephine,
          uniq_joseph, uniq_fannar
Temple:   dpeg_three_leaves_temple

Skill      XL: |  1  2  3  4  5  6  7  8  9 10 |
---------------+-------------------------------+-----
Armour         | 1 4 |  4.7
Fighting       | 2 3 4 6 7 8 |  8.5
Axes & Hammers | 3 4 5 6 7 8 |  8.9
Stealth        | 2 3 4 5 |  5.4
Dodging        | 4 5 6 7 |  7.2
Shields        | 1 3 4 6 7 |  7.7
Invocations    | 3 6 |  6.3
Spellcasting   | |  1.0
Fire Magic     | |  1.3

Action                   |  1- 3 |  4- 6 |  7- 9 | 10-12 || total
-------------------------+-------+-------+-------+-------++-------
Melee: War axe           |    33 |    83 |   242 |       ||   358
       Unarmed           |    15 |    19 |       |       ||    34
       Headbutt          |     1 |     6 |    37 |    10 ||    54
       Kick              |       |     8 |    51 |    16 ||    75
       Broad axe         |       |       |     6 |    50 ||    56
Evoke: Wand              |       |       |     1 |       ||     1
       Fan of gales      |       |       |       |     1 ||     1
  Use: Scroll            |     1 |       |     3 |     1 ||     5
       Potion            |       |       |     1 |     3 ||     4
 Stab: Sleeping          |     4 |     8 |    10 |       ||    22
       Distracted        |       |       |     1 |     1 ||     2
  Eat: Chunk             |       |     1 |    11 |     1 ||    13
Armor: Leather armour    |     2 |    23 |    56 |       ||    81
       Chain mail        |       |       |     8 |    19 ||    27
Dodge: Dodged            |    24 |    65 |   123 |    22 ||   234
Block: Heater shield     |       |    17 |    86 |    32 ||   135
